 Dungeon Crawl Stone Soup version 0.23.2-30-g0e89c35649 (webtiles) character file.

Game seed: 10226130802141610385

165 Recruiting the Skirmisher (level 5, -5/47 HPs)
             Began as a Demigod Air Elementalist on June 11, 2019.
             Slain by an iguana (13 damage)
             ... on level 4 of the Dungeon.
             The game lasted 00:17:23 (3399 turns).

Recruiting the Skirmisher (DgAE)                    Turns: 3399, Time: 00:17:23

Health: -5/47      AC:  4    Str: 13    XL:     5   Next: 1%
Magic:  17/19      EV: 12    Int: 19    God:
Gold:   113        SH:  0    Dex: 16    Spells: 4/7 levels left

rFire    . . .     SeeInvis .   b - +0 morningstar
rCold    . . .     Gourm    .   (no shield)
rNeg     . . .     Faith    .   r - +0 leather armour
rPois    +         Spirit   .   (no helmet)
rElec    .         Reflect  .   (no cloak)
rCorr    .         Harm     .   (no gloves)
MR       .....                  i - +0 pair of boots
Stlth    ++........             n - amulet of the acrobat
HPRegen  0.15/turn              f - ring of poison resistance
MPRegen  0.16/turn              j - ring of magical power

@: swift, very quick
A: high mp 1
a: no special abilities


You were on level 4 of the Dungeon.
You were not hungry.

You visited 1 branch of the dungeon, and saw 5 of its levels.

You collected 113 gold pieces.

Inventory:

Hand Weapons
 b - a +0 morningstar (weapon)
Armour
 i - a +0 pair of boots (worn)
 r - a +0 leather armour (worn)
Jewellery
 f - a ring of poison resistance (left hand)
 j - a ring of magical power (right hand)
 n - an amulet of the acrobat (around neck)
Scrolls
 a - a scroll of enchant armour {unknown}
 g - a scroll of noise {unknown}
 h - a scroll of immolation
 k - a scroll of amnesia {unknown}
 l - 2 scrolls of remove curse
 m - a scroll of blinking {unknown}
 p - 2 scrolls of identify
Potions
 d - a potion of might {unknown}
Comestibles
 c - 4 rations


   Skills:
 + Level 4.3 Fighting
 - Level 1.7 Dodging
 - Level 1.7 Stealth
 + Level 1.8 Spellcasting
 - Level 0.8 Conjurations
 + Level 2.8 Air Magic


You had 4 spell levels left.
You knew the following spells:

 Your Spells              Type           Power        Failure   Level  Hunger
a - Shock                 Conj/Air       #...         10%         1    #......
b - Swiftness             Chrm/Air       #.......     19%         2    ###....

Your spell library contained the following spells:

 Spells                   Type           Power        Failure   Level  Hunger
 Static Discharge         Conj/Air       #.......     30%         3    ###....
 Airstrike                Air            ##........   54%         4    #####..
 Lightning Bolt           Conj/Air       #.........   95%         5    ######.


Dungeon Overview and Level Annotations

Branches:
Dungeon (5/15)
 Temple: D:4-7


Innate Abilities, Weirdness & Mutations

You have an increased reservoir of magic. (+10% MP)


Message History

The iguana bites you!
* * * LOW HITPOINT WARNING * * *
There is a stone staircase leading down here.
The iguana barely misses you.
You climb downwards.
Found a stone staircase leading up.
There is a stone staircase leading up here.
Found 18 gold pieces and a ring mail.
There is a stone staircase leading up here.
The iguana misses you.
You climb upwards.
Found a stone staircase leading down.
There is a stone staircase leading down here.
Casting: Swiftness (safe; 19% risk of failure)
Confirm with . or Enter, or press ? or * to list all spells.
You feel quick. The iguana bites you.
* * * LOW HITPOINT WARNING * * *
There is a stone staircase leading down here.
The iguana bites you!
You die...

##..# .#..#
.# ##...##
#.# ##.....
#.###.....#
##.#......##
...........#
#....l@.#
####......##
.......>.##
####.##.## #
###


You could see an iguana.

Vanquished Creatures
  An orc wizard (D:3)
  A worker ant (D:4)
  3 adders
  A shadow imp (D:3)
  2 worms (D:3)
  An adder skeleton (D:4)
  3 dart slugs (D:1)
  2 leopard geckos
  4 orcs (D:3)
  4 giant cockroaches
  7 goblins
  5 hobgoblins
  5 jackals (D:2)
  4 kobolds
  2 quokkas (D:3)
  7 bats
  A frilled lizard (D:1)
  8 rats
61 creatures vanquished.

Notes
Turn   | Place    | Note
-------+----------+-------------------------------------------
     0 | D:1      | Recruiting the Demigod Air Elementalist began the quest for
                  | the Orb.
     0 | D:1      | Reached XP level 1. HP: 14/14 MP: 5/5
    61 | D:1      | Reached skill level 1 in Fighting
   131 | D:1      | Reached XP level 2. HP: 9/23 MP: 5/7
   443 | D:1      | Reached skill level 2 in Fighting
   738 | D:1      | Learned a level 2 spell: Swiftness
  1039 | D:2      | Reached XP level 3. HP: 17/30 MP: 8/8
  1140 | D:2      | Reached skill level 3 in Fighting
  1393 | D:2      | Found a shadowy altar of Dithmenos.
  2146 | D:3      | Reached XP level 4. HP: 34/38 MP: 9/9
  2198 | D:3      | HP: 2/40 [shadow imp/nerve-wracking pain (13)]
  2222 | D:3      | Reached skill level 4 in Fighting
  3008 | D:4      | Reached XP level 5. HP: 47/47 MP: 10/10
  3022 | D:4      | HP: 2/47 [iguana (4)]
  3390 | D:5      | Entered Level 5 of the Dungeon
  3399 | D:4      | Slain by an iguana

Skill      XL: |  1  2  3  4 |
---------------+-------------+-----
Fighting       | 1 2 3 4 |  4.3
Dodging        | |  1.7
Stealth        | |  1.7
Spellcasting   | |  1.8
Conjurations   | |  0.8
Air Magic      | |  2.8

Action                   |  1- 3 |  4- 6 || total
-------------------------+-------+-------++-------
Melee: Short sword       |   189 |    12 ||   201
       Morningstar       |       |    41 ||    41
 Cast: Shock             |     8 |     7 ||    15
       Swiftness         |       |     3 ||     3
  Use: Scroll            |     6 |       ||     6
       Potion            |       |     3 ||     3
 Stab: Sleeping          |     5 |       ||     5
  Eat: Ration            |     1 |     2 ||     3
Armor: Robe              |     8 |       ||     8
       Scale mail        |    75 |     8 ||    83
       Leather armour    |     4 |     3 ||     7
       Plate armour      |       |    24 ||    24
Dodge: Dodged            |   123 |    62 ||   185
